 Dungeon Crawl Stone Soup version 0.27.1-3-gb3d3a73c9e (webtiles) character file.

Game seed: 5694335533778721783

2198 BigDaddyOpFi the Shield-Bearer (level 7, -4/64 HPs)
             Began as a Yellow Draconian Fighter on Oct 5, 2021.
             Was a Believer of Ru.
             Slain by a two-headed ogre (27 damage)
             ... on level 7 of the Dungeon.
             The game lasted 00:13:50 (9146 turns).

BigDaddyOpFi the Shield-Bearer (DrFi)               Turns: 9146, Time: 00:13:51

Health: -4/64      AC:  7    Str: 20    XL:     7   Next: 12%
Magic:  7/7        EV: 12    Int:  9    God:    Ru [**....]
Gold:   346        SH: 11    Dex: 11    Spells: 6/6 levels left

rFire    . . .     SeeInvis .   o - +3 scimitar
rCold    . . .     Faith    .   b - +0 kite shield
rNeg     . . .     Spirit   .   (armour unavailable)
rPois    .         Reflect  .   (helmet restricted)
rElec    .         Harm     .   h - +0 cloak
rCorr    +         Rampage  .   (no gloves)
Will     .....                  (no boots)
Stlth    +.........             k - amulet of regeneration
HPRegen  1.20/turn              f - ring of flight
MPRegen  0.10/turn              (no ring)

@: flying
A: spit acid, AC +6, unfitting armour, cold-blooded, inexperienced 1, acid
resistance
a: Breathe Acid, Renounce Religion


You were on level 7 of the Dungeon.
You worshipped Ru.
Ru was pleased with you.
You visited 2 branches of the dungeon, and saw 8 of its levels.

You collected 346 gold pieces.

Inventory:

Hand Weapons
 a - a +3 long sword
 n - a +4 morningstar
 o - a +3 scimitar (weapon)
 p - a +2 dire flail of freezing
 r - a +3 flail of draining
 u - a +0 mace
Missiles
 e - 2 throwing nets
Armour
 b - a +0 kite shield (worn)
 h - a +0 cloak (worn)
 j - a scarf of invisibility
Jewellery
 f - a ring of flight (left hand)
 k - an amulet of regeneration (around neck)
Wands
 i - a wand of charming (4) (quivered)
 w - a wand of polymorph (12)
Scrolls
 c - 4 scrolls of identify
 d - a scroll of teleportation
 q - a scroll of amnesia {unknown}
 v - a scroll of vulnerability {unknown}
Potions
 m - a potion of haste {unknown}
 s - a potion of mutation {unknown}
 t - a potion of heal wounds {unknown}


   Skills:
 + Level 6.3 Fighting
 * Level 7.2 Long Blades
 + Level 5.1 Dodging
 * Level 7.6 Shields


You had 6 spell levels left.
You didn't know any spells.
Your spell library contained the following spells:

 Spells                   Type           Power      Damage    Failure   Level
 Corona                   Hex            0%         N/A       71%         1
 Freeze                   Ice            0%         1d3       71%         1
 Ensorcelled Hibernation  Hex/Ice        0%         N/A       83%         2
 Call Canine Familiar     Summ           0%         N/A       97%         3
 Frozen Ramparts          Ice            0%         1d2       97%         3
 Gell's Gravitas          Tloc           0%         N/A       97%         3
 Lesser Beckoning         Tloc           0%         N/A       97%         3
 Portal Projectile        Hex/Tloc       0%         N/A       97%         3
 Teleport Other           Tloc           0%         N/A       97%         3
 Tukima's Dance           Hex            0%         N/A       97%         3
 Hailstorm                Conj/Ice       0%         3d3       100%        4
 Leda's Liquefaction      Hex/Erth       0%         N/A       100%        4
 Freezing Cloud           Conj/Ice/Air   0%         6-21      100%        5
 Simulacrum               Ice/Necr       0%         N/A       100%        6
 Polar Vortex             Ice            0%         N/A       100%        9


Dungeon Overview and Level Annotations

Branches:
Dungeon (7/15)             Temple (1/1) D:4

Altars:
Ashenzari
Cheibriados
Elyvilon
Fedhas
Hepliaklqana
Kikubaaqudgha
Makhleb
Nemelex Xobeh
Okawaru
Ru
Sif Muna
Uskayaw
Wu Jian
Xom
Yredelemnul
Zin
Lugonu

Shops:
D:4 ![:   D:5 [

Annotations:
D:3 3 runed translucent doors, math4jedi's ghost, amateur MiBe
D:6 3 runed translucent doors, CrypticCrinoid's ghost, novice MiBe


Innate Abilities, Weirdness & Mutations

You can spit globs of acid.
Your golden yellow scales are hard. (AC +6)
You cannot fit into any form of body armour.
You are cold-blooded and may be slowed by cold attacks.
You are somewhat inexperienced. (-2 XL)
You are resistant to acid. (rCorr)


Message History

The water moccasin is almost dead.
You block the water moccasin's attack.
The water moccasin is stunned by your conviction and fails to attack.
Unknown command.
You slash the water moccasin!
You kill the water moccasin!
You start resting.
HP restored.
You start waiting.
Done waiting.
You start waiting.
Done waiting.
You start waiting.
Done waiting.
Found a blackened brass wand.
w - a wand of polymorph (12)
Found 17 arrows.
A two-headed ogre comes into view. It is wielding two +0 giant clubs.
Found a scroll of identify.
The two-headed ogre shouts in stereo!
A two-headed ogre is nearby!
A two-headed ogre is nearby!
A two-headed ogre is nearby!
Found a stone staircase leading down.
You hit the two-headed ogre. You tail-slap the two-headed ogre.
The two-headed ogre is lightly wounded.
The two-headed ogre hits you with a +0 giant club!! x2
You are too injured to fight recklessly!
You are confused.
You feel invigorated.
The two-headed ogre hits you with a +0 giant club!!
* * * LOW HITPOINT WARNING * * *
The two-headed ogre hits you but does no damage.
It was a potion of curing.
You feel better.
You feel less invigorated. You block the two-headed ogre's attack.
The two-headed ogre barely misses you.
You feel better.
You feel better.
The two-headed ogre hits you with a +0 giant club!
The two-headed ogre hits you with a +0 giant club!!
You die...

.... .>.. ....
....##..##...
.?..........###
#..............
#..............
#..........(...
#.......O......
+...##.@#...##
#..............
#..............
#..............
#+#.......#......
..#.....##..#....##
...................
...........###...###
....................


You could see a two-headed ogre.

Vanquished Creatures
  Sigmund (D:5)
  Edmund (D:5)
  2 water moccasins
  A sky beast (D:6)
  2 black bears
  3 ogres
  2 necrophages
  2 centaurs
  2 scorpions
  A water moccasin zombie (D:6)
  A wyvern skeleton (D:6)
  3 wights (D:6)
  A jelly (D:4)
  A bullfrog skeleton (D:5)
  2 orc priests (D:6)
  2 iguanas (D:5)
  Natasha (twice) (D:3)
  An orc wizard (D:6)
  2 hound skeletons
  A howler monkey zombie (D:5)
  4 gnolls
  6 adders
  A shadow imp (D:5)
  2 ufetubi
  A worm (D:4)
  4 dart slugs
  9 orcs
  8 ball pythons
  7 endoplasms
  2 giant cockroaches
  11 goblins
  8 hobgoblins
  5 jackals
  3 quokkas
  9 bats
  4 frilled lizards
  11 kobolds
  6 rats
  A bush (D:4)
135 creatures vanquished.

Vanquished Creatures (others)
  A bat (D:2)
  A goblin (D:2)
  A plant (D:4)
3 creatures vanquished.

Grand Total: 138 creatures vanquished

Notes
Turn   | Place    | Note
-------+----------+-------------------------------------------
     0 | D:1      | BigDaddyOpFi the Draconian Fighter began the quest for the
                  | Orb.
     0 | D:1      | Reached XP level 1. HP: 19/19 MP: 1/1
   136 | D:1      | Reached XP level 2. HP: 4/26 MP: 2/2
  1380 | D:2      | Reached XP level 3. HP: 31/31 MP: 3/3
  2611 | D:2      | Reached XP level 4. HP: 17/40 MP: 4/4
  3137 | D:2      | Found a shimmering altar of Xom.
  4058 | D:3      | Reached XP level 5. HP: 46/46 MP: 5/5
  4079 | D:3      | Found a faded altar of an unknown god.
  4110 | D:3      | Found an iron altar of Okawaru.
  4367 | D:3      | Found a runed translucent gate.
  4367 | D:3      | Found a runed translucent gate.
  4367 | D:3      | Found a runed translucent gate.
  4367 | D:3      | Noticed math4jedi's ghost (amateur MiBe)
  4393 | D:3      | Noticed Natasha
  4410 | D:3      | Killed Natasha
  4973 | D:3      | Noticed Natasha
  4981 | D:3      | Killed Natasha
  5206 | D:4      | Found a white marble altar of Elyvilon.
  5228 | D:4      | Found a staircase to the Ecumenical Temple.
  5255 | Temple   | Entered the Ecumenical Temple
  5364 | Temple   | Became a worshipper of Ru the Awakened
  5391 | D:4      | Noticed a necrophage
  5407 | D:4      | Killed a necrophage
  5408 | D:4      | Reached XP level 6. HP: 51/53 MP: 6/6
  5438 | D:4      | Found Jaf Hicria's Armour Shoppe.
  5491 | D:4      | Found Maczamah's Distillery.
  5624 | D:4      | Found Tuduvohu's Book Emporium.
  5800 | D:5      | Entered Level 5 of the Dungeon
  5871 | D:5      | Found a hide-covered altar of Uskayaw.
  5885 | D:5      | Found Qeklid's Antique Armour Shop.
  6090 | D:6      | Reached skill level 5 in Shields
  6092 | D:6      | Your scales start taking on a golden yellow colour.
  6092 | D:6      | Reached XP level 7. HP: 58/60 MP: 7/7
  6092 | D:6      | Gained mutation: You are resistant to acid. (rCorr) [Yellow
                  | Draconian growth]
  6213 | D:6      | Reached skill level 5 in Long Blades
  6613 | D:5      | Reached skill level 5 in Fighting
  6644 | D:5      | Found a sparkling altar of Nemelex Xobeh.
  6971 | D:5      | Reached XP level 8. HP: 68/68 MP: 8/8
  6980 | D:5      | Found an ancient bone altar of Kikubaaqudgha.
  7087 | D:5      | Noticed Edmund
  7104 | D:5      | Killed Edmund
  7335 | D:5      | Noticed Sigmund
  7342 | D:5      | Killed Sigmund
  7390 | D:5      | Gained mutation: You are somewhat inexperienced. (-2 XL)
                  | [Ru sacrifice]
  7390 | D:5      | Reached XP level 7. HP: 61/61 MP: 7/7
  7390 | D:5      | Reached XP level 6. HP: 56/56 MP: 6/6
  7390 | D:5      | Reached * piety under Ru
  7390 | D:5      | Reached ** piety under Ru
  8186 | D:6      | Reached skill level 5 in Dodging
  8205 | D:6      | Found a blossoming altar of Fedhas.
  8246 | D:6      | Found a burning altar of Makhleb.
  8411 | D:6      | Found a hazy altar of Hepliaklqana.
  8412 | D:6      | Found a shimmering altar of Xom.
  8413 | D:6      | Noticed a spectral ugly thing
  8446 | D:6      | Reached XP level 7. HP: 59/63 MP: 7/7
  8520 | D:6      | Identified the +8 war axe of the Ten Ziggurats {speed, rN+
                  | Str+2}
  8564 | D:6      | Found a runed translucent gate.
  8565 | D:6      | Found a runed translucent gate.
  8565 | D:6      | Found a runed translucent gate.
  8567 | D:6      | Noticed CrypticCrinoid's ghost (novice MiBe)
  9140 | D:7      | Noticed a two-headed ogre
  9146 | D:7      | Slain by a two-headed ogre

Illustrated notes

Levels and vault maps discovered:
D:1:      shiori_arrival_maze, layout_rooms
D:2:      layout_rooms, basic_altar, minmay_joined_circles
D:3:      layout_basic, okawaru_gym_becter, ebering_ghost_rock_garden,
          basic_ecumenical_altar, corexii_item_surrounded_by_moat, uniq_natasha
D:4:      layout_cave_pools, elyvilon_altar_1, minmay_temple_entry_large_hall,
          serial_forest, infiniplex_forest_end_2,
          infiniplex_forest_clump_medium, infiniplex_forest_clump_large,
          infiniplex_forest_straight_5, infiniplex_forest_corner_1,
          infiniplex_forest_clump_tiny, infiniplex_forest_zigzag_2,
          infiniplex_forest_straight_4, serial_shops, shop, shop, shop
D:5:      layout_gridville, mainiacjoe_overflow_alcove_2,
          mainiacjoe_overflow_catch_the_wave, serial_shops, nicolae_shop_stone,
          sigmund_edmund_badplayer
D:6:      layout_loops_ring, lemuel_crystal_altar,
          nicolae_overflow_crystal_walls, regret_index_temple_of_mockery,
          ebering_ghost_rock_garden
D:7:      layout_basic, mainiacjoe_overflow_six_doors_small,
          nicolae_qazlal_style_of_elements, hellmonk_guarded_unrand_lears,
          uniq_crazy_yiuf_cottage
Temple:   corrupted_temple

Skill      XL: |  1  2  3  4  5  6  7  8 |
---------------+-------------------------+-----
Dodging        | 3 5 4 |  5.1
Long Blades    | 3 4 7 5 6 |  7.2
Shields        | 4 7 6 |  7.6
Fighting       | 4 6 5 |  6.3

Action                   |  1- 3 |  4- 6 |  7- 9 || total
-------------------------+-------+-------+-------++-------
Melee: Long sword        |    90 |   223 |     7 ||   320
       Tailslap          |     5 |    37 |    10 ||    52
       Scimitar          |       |    50 |    56 ||   106
Invok: Sacrifice Experie |       |     1 |       ||     1
 Abil: Breathe Acid      |       |       |     6 ||     6
Evoke: Wand              |       |     4 |       ||     4
  Use: Potion            |     2 |     2 |     4 ||     8
       Scroll            |       |     8 |       ||     8
 Stab: Sleeping          |       |     2 |       ||     2
       Invisible         |       |       |     1 ||     1
Armor: Skin              |    36 |    96 |    11 ||   143
Dodge: Dodged            |    75 |   130 |    30 ||   235
Block: Kite shield       |    78 |   109 |    34 ||   221
       Rpst.: Long sword |    21 |    36 |     1 ||    58
       Scimitar          |       |     2 |     9 ||    11
